 Dungeon Crawl Stone Soup version 0.30-a0-187-gd9c2deaf24 (webtiles) character file.

Game seed: 7111249702606484089

68016 bande the Severer (level 15, -2/95 HPs)
             Began as a Gargoyle Fighter on Oct 3, 2022.
             Was the Champion of Okawaru.
             Slain by a wolf spider (16 damage)
             ... on level 13 of the Dungeon.
             The game lasted 01:00:03 (33814 turns).

bande the Severer (Gargoyle Fighter)               Turns: 33814, Time: 01:00:03

Health: -2/95      AC: 33    Str: 20    XL:     15   Next: 25%
Magic:  21/21      EV: 10    Int: 10    God:    Okawaru [******]
Gold:   2745       SH:  6    Dex: 15    Spells: 14/14 levels left

rFire   + . .      SeeInvis .    B - +2 broad axe (flame)
rCold   + . .      Faith    .    c - +0 buckler
rNeg    + . .      Spirit   .    l - +0 plate armour
rPois   ∞          Reflect  .    H - +0 helmet
rElec   +          Harm     .    f - scarf {rC+ rF+}
rCorr   .          Rampage  .    x - +0 pair of gloves
Will    +....      Clarity  +    C - +0 pair of boots
Stlth   ..........               (no amulet)
HPRegen 0.35/turn                L - +4 ring of evasion
MPRegen 0.17/turn                K - +4 ring of slaying

@: flying, studying Ice Magic
A: sickness immunity, AC +11, big wings, negative energy resistance 1,
electricity resistance, torment resistance 1, petrification resistance, hooves
1, iridescent scales 1, clarity
a: Renounce Religion, Heroism, Finesse, Duel


You were on level 13 of the Dungeon.
You worshipped Okawaru.
Okawaru was exalted by your worship.
You visited 4 branches of the dungeon, and saw 21 of its levels.
You also visited: Ice Cave.

You collected 3440 gold pieces.
You spent 695 gold pieces at shops.

Inventory:

Hand Weapons
 n - a +2 broad axe of freezing
 B - a +2 broad axe of flaming (weapon)
 J - a +1 longbow of flaming
Armour
 c - a +0 buckler (worn)
 f - a scarf of resistance (worn)
 l - a +0 plate armour (worn)
 s - a +1 cloak
 u - a scarf of resistance
 x - a +0 pair of gloves (worn)
 C - a +0 pair of boots (worn)
 G - a +2 ring mail of fire resistance
 H - a +0 helmet (worn)
 Q - a +0 scale mail of cold resistance
 R - the +1 hat "Vocrodgh" {rElec Int-5 Dex+3}
   (Okawaru gifted it to you on level 5 of the Lair of Beasts)

   Int:       It affects your intelligence (-5).
   Dex:       It affects your dexterity (+3).
   rElec:     It insulates you from electricity.
Jewellery
 o - a +6 ring of dexterity
 v - a +6 ring of intelligence
 A - a ring of magical power
 D - a ring of positive energy
 K - a +4 ring of slaying (right hand)
 L - a +4 ring of evasion (left hand)
 U - a +6 ring of dexterity
Wands
 m - a wand of roots (8)
 p - a wand of flame (30)
 q - a wand of polymorph (17)
 N - a wand of mindburst (5)
Scrolls
 d - 3 scrolls of identify
 j - 5 scrolls of enchant weapon
 k - 3 scrolls of enchant armour
 y - 5 scrolls of teleportation
 z - 2 scrolls of fear
 F - a scroll of silence
 M - a scroll of amnesia
 O - a scroll of brand weapon
 P - 2 scrolls of magic mapping
 T - a scroll of blinking
Potions
 a - 2 potions of magic
 b - 3 potions of mutation
 e - a potion of cancellation
 g - 9 potions of ambrosia
 h - 6 potions of brilliance
 i - a potion of haste
 r - 3 potions of heal wounds
 t - 6 potions of resistance
 w - a potion of flight
 E - 3 potions of berserk rage
 I - 5 potions of curing
Miscellaneous
 S - a phantom mirror


   Skills:
 + Level 11.6 Fighting
 + Level 15.0 Axes
 + Level 12.1 Armour
 + Level 9.0 Shields
 * Level 9.0 Invocations
 * Level 10.3 Evocations


You had 14 spell levels left.
You didn't know any spells.
Your spell library contained the following spells:

 Spells                   Type           Power      Damage    Failure   Level
 Necrotise                Necr           0%         1d4       100%        1
 Blink                    Tloc           0%         N/A       100%        2
 Scorch                   Fire           0%         2d5       100%        2
 Gell's Gravitas          Tloc           0%         N/A       100%        3
 Hailstorm                Conj/Ice       0%         3d3       100%        3
 Ignite Poison            Fire/Tmut/Pois 0%         N/A       100%        3
 Kindle Blastsparks       Fire/Tloc/Air  0%         2d10      100%        3
 Lesser Beckoning         Tloc           0%         N/A       100%        3
 Mephitic Cloud           Conj/Pois/Air  0%         N/A       100%        3
 Teleport Other           Tloc           0%         N/A       100%        3
 Vampiric Draining        Necr           0%         2d6       100%        3
 Vhi's Electric Charge    Tloc/Air       0%         N/A       100%        3
 Flame Wave               Conj/Fire      0%         2d4       100%        4
 Ice Form                 Ice/Tmut       0%         N/A       100%        4
 Manifold Assault         Tloc           0%         N/A       100%        4
 Agony                    Necr           0%         N/A       100%        5
 Arcjolt                  Conj/Air       0%         1d10      100%        5
 Borgnjor's Vile Clutch   Necr/Erth      0%         N/A       100%        5
 Fireball                 Conj/Fire      0%         3d3       100%        5
 Freezing Cloud           Conj/Ice/Air   0%         6-21      100%        5
 Iskenderun's Battlesphe  Conj           0%         2d6       100%        5
 Conjure Ball Lightning   Conj/Air       0%         3x3d6     100%        6
 Iron Shot                Conj/Erth      0%         9d1       100%        6
 Orb of Destruction       Conj           0%         9d5       100%        7
 Storm Form               Tmut/Air       0%         N/A       100%        7
 Shatter                  Erth           0%         3d5*      100%        9
 Simulacrum               Ice/Necr       Unusable   N/A       N/A         6
 Summon Cactus Giant      Summ           Unusable   N/A       N/A         6
 Spellforged Servitor     Conj/Summ      Unusable   N/A       N/A         7

Dungeon Overview and Level Annotations

Branches:
Dungeon (13/15)            Temple (1/1) D:6            Lair (5/5) D:9
  Swamp (0/4) Lair:3       Spider (0/4) Lair:2        Slime (0/5) Lair:5
    Orc (2/2) D:10            Elf (0/3) Orc:2         IceCv (visited)
 Vaults: D:13-14

Altars:
Ashenzari
Cheibriados
Dithmenos
Elyvilon
Fedhas
Gozag
Hepliaklqana
Kikubaaqudgha
Makhleb
Nemelex Xobeh
Okawaru
Qazlal
Ru
Sif Muna
Trog
Uskayaw
Vehumet
Wu Jian
Xom
Yredelemnul
Zin
The Shining One

Shops:
D:6 (   Orc:2 (([*!

Annotations:
D:11 exclusion: oklob plant
Lair:3 exclusion: oklob plant
Lair:4 exclusion: 2 oklob plants


Innate Abilities, Weirdness & Mutations

You are immune to sickness and miasma.
Your stone body is resilient. (AC +11)
You are immune to poison.
Your large and strong wings let you fly.
You resist negative energy. (rN+)
You are resistant to electric shocks. (rElec)
You are resistant to unholy torment.
You are immune to petrification.
You have large cloven feet.
You are partially covered in iridescent scales. (AC +2)
You possess an exceptional clarity of mind.


Message History

You block the jumping spider's attack. The jumping spider closely misses you.
The jumping spider misses you.
You slice the jumping spider!! You burn the jumping spider.
You kill the jumping spider!
Okawaru accepts your kill.
The wolf spider enters a dispersal trap!
You blink.
A wolf spider comes into view.
The wolf spider blinks!
The wolf spider's many legs skitter.
The wolf spider hits you.
The wolf spider bites you but does no damage.
You barely miss the wolf spider.
The wolf spider hits you but does no damage.
The wolf spider bites you.
You closely miss the wolf spider. The wolf spider barely misses you.
The wolf spider bites you but does no damage.
You barely miss the wolf spider. The wolf spider hits you!
The wolf spider bites you but does no damage.
The wolf spider hits you! The wolf spider bites you.
You slash the wolf spider! You burn the wolf spider.
The wolf spider is moderately wounded.
The wolf spider hits you!
* * * LOW HITPOINT WARNING * * *
The wolf spider bites you but does no damage.
You slice the wolf spider!! You burn the wolf spider.
The wolf spider is heavily wounded.
The wolf spider hits you but does no damage.
The wolf spider bites you but does no damage.
You hit the wolf spider. You burn the wolf spider.
The wolf spider is severely wounded.
The wolf spider hits you!
* * * LOW HITPOINT WARNING * * *
The wolf spider bites you but does no damage.
You slash the wolf spider! You burn the wolf spider.
The wolf spider is almost dead.
The wolf spider hits you but does no damage.
The wolf spider bites you but does no damage.
The wolf spider hits you!
You die...

########.....#...#.###..#####..##
# #.....#...#......# #..# #
#.....#.######...# #..# #
########.# #...# #..# # #8.8#
#...# #..## # ##'### #...# #....
# ##.†.## #...# #.### # #.###.#
#...# ##.#.. # #†.s@## #..##
#..... ## #[.### #..# ####.# .#
#..)### #..# #... .# #.^##
#..########## .# ## #..........#.
.# #..#######.#. ## #..#######.#.
# #.[.......... # #..#######.##


You could see a wolf spider.

Vanquished Creatures
  An orc warlord (D:10)
  Nessos (Orc:2)
  A dire elephant (Lair:5)
  A minotaur (D:12)
  A hydra (Lair:4)
  A boulder beetle (Lair:4)
  2 centaur warriors
  2 catoblepae
  4 two-headed ogres
  A deep troll shaman (Lair:5)
  8 death yaks
  2 orc high priests (Orc:2)
  2 tengu warriors (D:13)
  Amaemon (Lair:1)
  Sonja (Lair:1)
  Lodul (D:11)
  2 bog bodies (Lair:3)
  A deep elf pyromancer (D:13)
  3 orc knights
  5 manticores
  2 orc sorcerers
  3 cyclopes
  2 ugly things (IceCv)
  4 elephants
  3 black mambas
  Joseph (D:7)
  2 ice statues (IceCv)
  13 cane toads
  2 gargoyles
  An orange demon (Lair:1)
  6 komodo dragons
  Maggie (D:8)
  6 rime drakes
  An unseen horror (D:13)
  2 ice devils (Lair:5)
  A kobold demonologist (D:11)
  An anaconda simulacrum (IceCv)
  10 trolls
  A hornet (D:11)
  3 polar bears
  4 meliai
  A queen bee (Lair:4)
  21 blink frogs
  5 slime creatures (D:12)
  2 jumping spiders (D:13)
  22 yaks
  5 wyverns
  2 shadows
  3 wraiths
  A death yak simulacrum (IceCv)
  4 basilisks
  3 steam dragons
  Grum (D:8)
  3 redbacks (D:13)
  7 vampire mosquitoes
  Edmund (D:5)
  A warg (D:10)
  9 water moccasins
  34 orc warriors
  2 black bears (Lair:5)
  An ice beast (D:6)
  A boggart (D:13)
  15 wolves
  A phantom (D:5)
  13 centaurs
  20 ogres
  3 kobold brigands
  8 bullfrogs
  9 scorpions
  A necrophage (D:5)
  5 wights (D:8)
  52 killer bees
  2 howler monkeys
  6 electric eels
  11 orc priests
  10 jellies
  Crazy Yiuf (D:7)
  A gnoll bouda (D:6)
  7 hounds
  4 iguanas
  8 orc wizards
  A wolf simulacrum (IceCv)
  5 adders
  4 gnolls (D:6)
  2 river rats (Lair:4)
  2 shadow imps
  A white imp (D:4)
  2 ufetubi (D:4)
  4 worms
  4 dart slugs
  87 orcs
  17 endoplasms
  A giant cockroach (D:1)
  5 goblins
  3 hobgoblins
  5 quokkas
  8 ball pythons
  A bat (D:1)
  16 kobolds
  6 rats
590 creatures vanquished.

Vanquished Creatures (collateral kills)
  2 scorpions (D:5)
  An orc (D:5)
3 creatures vanquished.

Vanquished Creatures (others)
  2 orc wizards (Orc:2)
  36 fungi
  31 plants
69 creatures vanquished.

Grand Total: 662 creatures vanquished

Notes
Turn   | Place    | Note
-------+----------+-------------------------------------------
     0 | D:1      | bande the Gargoyle Fighter began the quest for the Orb.
     0 | D:1      | Reached XP level 1. HP: 14/14 MP: 1/1
   290 | D:1      | Reached XP level 2. HP: 19/19 MP: 2/2
   992 | D:2      | Identified the +1 spear of the Reaper {drain, Int+3 Dex+3}
  1038 | D:2      | Reached XP level 3. HP: 18/24 MP: 3/3
  1054 | D:2      | Reached skill level 2 in Axes
  1302 | D:2      | Reached XP level 4. HP: 29/29 MP: 4/4
  2373 | D:4      | Noticed a scorpion
  2373 | D:4      | Noticed a scorpion
  2380 | D:4      | Killed a scorpion
  2381 | D:4      | Reached skill level 3 in Axes
  2381 | D:4      | Reached skill level 1 in Evocations
  2381 | D:4      | Reached XP level 5. HP: 29/33 MP: 5/5
  2396 | D:4      | Reached XP level 6. HP: 25/39 MP: 6/6
  3390 | D:5      | Entered Level 5 of the Dungeon
  3562 | D:4      | Reached skill level 4 in Axes
  3562 | D:4      | Reached XP level 7. HP: 3/44 MP: 7/7
  3991 | D:5      | Reached skill level 5 in Armour
  4236 | D:5      | Gained mutation: You have large cloven feet. [potion of
                  | mutation]
  4236 | D:5      | Gained mutation: You possess an exceptional clarity of
                  | mind. [potion of mutation]
  4236 | D:5      | Gained mutation: You are partially covered in iridescent
                  | scales. (AC +2) [potion of mutation]
  4240 | D:5      | Reached skill level 5 in Fighting
  4252 | D:5      | Reached skill level 5 in Axes
  4280 | D:6      | Reached XP level 8. HP: 34/49 MP: 8/8
  4512 | D:5      | Found a snail-covered altar of Cheibriados.
  4512 | D:5      | Found a burning altar of Makhleb.
  4891 | D:5      | Reached skill level 6 in Axes
  5020 | D:5      | Noticed Edmund
  5033 | D:5      | Killed Edmund
  5441 | D:6      | Found a staircase to the Ecumenical Temple.
  5451 | Temple   | Entered the Ecumenical Temple
  5622 | D:6      | Reached XP level 9. HP: 53/55 MP: 9/9
  5761 | D:6      | Found Hoynefol's Weapon Shoppe.
  5770 | D:6      | Bought a +2 broad axe of venom for 252 gold pieces
  5839 | D:6      | Reached skill level 7 in Axes
  6799 | D:7      | Reached skill level 5 in Shields
  6818 | D:7      | Found a runed translucent door.
  6819 | D:7      | Noticed Crazy Yiuf
  7161 | D:7      | Reached skill level 8 in Axes
  7268 | D:7      | Noticed Joseph
  7272 | D:7      | Reached skill level 5 in Evocations
  7286 | D:7      | Killed Joseph
  7287 | D:7      | Reached XP level 10. HP: 15/61 MP: 10/10
  7561 | D:7      | Found a hazy altar of Hepliaklqana.
  7736 | D:7      | Killed Crazy Yiuf
  7971 | D:8      | Noticed Grum
  8005 | D:8      | Killed Grum
  8311 | D:8      | Found an ornate altar of the Wu Jian Council.
  8449 | D:8      | Reached skill level 9 in Axes
  8543 | D:8      | Identified a scroll of acquirement
  8543 | D:8      | Acquired 766 gold pieces
  8572 | D:8      | Noticed a two-headed ogre
  8580 | D:8      | Killed a two-headed ogre
  8696 | D:8      | Noticed a manticore
  8704 | D:8      | Killed a manticore
  8756 | D:8      | Noticed Maggie
  8772 | D:8      | Killed Maggie
  8963 | D:8      | Noticed a centaur warrior
  8974 | D:8      | Killed a centaur warrior
  8975 | D:8      | Reached skill level 10 in Axes
  8975 | D:8      | Reached XP level 11. HP: 43/68 MP: 11/11
  9341 | D:9      | Found a staircase to the Lair.
 10204 | Lair:1   | Entered Level 1 of the Lair of Beasts
 10217 | Lair:1   | Noticed Sonja
 10543 | Lair:1   | Killed Sonja
 10800 | Lair:1   | Identified the +7 leather armour of Starshine {rElec}
 10809 | Lair:1   | Got the Guidebook on the Lithosphere
 11302 | Lair:1   | Noticed Amaemon
 11316 | Lair:1   | Killed Amaemon
 12271 | D:10     | Entered Level 10 of the Dungeon
 12279 | D:10     | Found a staircase to the Orcish Mines.
 12451 | D:10     | Found an iron altar of Okawaru.
 12466 | D:10     | Became a worshipper of Warmaster Okawaru
 12497 | D:10     | Found a white marble altar of Elyvilon.
 12634 | D:10     | Noticed a two-headed ogre
 12650 | D:10     | Killed a two-headed ogre
 12650 | D:10     | Reached * piety under Okawaru
 12651 | D:10     | Reached skill level 11 in Axes
 12651 | D:10     | Reached skill level 1 in Invocations
 13470 | D:11     | Reached ** piety under Okawaru
 13471 | D:11     | Reached XP level 12. HP: 61/75 MP: 13/13
 13652 | D:11     | Noticed Lodul
 15144 | D:11     | Killed Lodul
 15868 | Orc:1    | Entered Level 1 of the Orcish Mines
 15872 | Orc:1    | Noticed an orc warlord
 16140 | D:10     | Killed an orc warlord
 16140 | D:10     | Reached *** piety under Okawaru
 17233 | Orc:2    | Entered Level 2 of the Orcish Mines
 17239 | Orc:2    | Reached skill level 12 in Axes
 17342 | Orc:2    | Noticed an orc high priest
 17588 | Orc:2    | Killed an orc high priest
 17689 | Orc:2    | Noticed Nessos
 17709 | Orc:1    | HP: 1/76 [orc warrior/+2 war axe of holy wrath (12)]
 18170 | Orc:2    | Killed Nessos
 18170 | Orc:2    | Reached **** piety under Okawaru
 18327 | Orc:2    | Found a staircase to the Elven Halls.
 18619 | Orc:1    | Reached skill level 10 in Armour
 19013 | Orc:2    | Found Vomic's Distillery.
 19038 | Orc:2    | Noticed an orc high priest
 19069 | Orc:2    | Killed an orc high priest
 19296 | Orc:2    | Noticed a centaur warrior
 19317 | Orc:2    | Killed a centaur warrior
 19711 | Orc:2    | Bought a potion of heal wounds for 80 gold pieces
 19711 | Orc:2    | Bought a potion of heal wounds for 80 gold pieces
 19711 | Orc:2    | Bought a potion of heal wounds for 80 gold pieces
 19711 | Orc:2    | Bought a potion of berserk rage for 80 gold pieces
 19801 | Orc:2    | Reached skill level 5 in Invocations
 19801 | Orc:2    | Reached XP level 13. HP: 73/80 MP: 16/16
 20760 | Orc:2    | Reached ***** piety under Okawaru
 21423 | Orc:2    | Found Fuohid's Antique Weapon Emporium.
 21423 | Orc:2    | Found Hiokoagi's Armour Shop.
 21425 | Orc:2    | Found Plog's General Store.
 21427 | Orc:2    | Found Hakiur's Antique Weapon Shoppe.
 21434 | Orc:2    | Bought a scroll of brand weapon for 123 gold pieces
 22790 | Lair:2   | Identified the +3 robe "Sadahy" {rPois rCorr Int-3 Dex+6}
 22941 | Lair:2   | Found a hole to the Spider Nest.
 23861 | Lair:3   | Reached skill level 13 in Axes
 24182 | Lair:3   | Found a staircase to the Swamp.
 24189 | Lair:3   | Reached skill level 10 in Fighting
 24189 | Lair:3   | Received a gift from Okawaru
 25502 | Lair:3   | Reached ****** piety under Okawaru
 25504 | Lair:3   | Identified the +10 flail of the Several Runes {vorpal,
                  | rPois Str+5 Dex-3} (Okawaru gifted it to you on level 3 of
                  | the Lair of Beasts)
 25504 | Lair:3   | Received a gift from Okawaru
 26321 | Lair:4   | Gained mutation: Your large and strong wings let you fly.
                  | [Gargoyle growth]
 26321 | Lair:4   | Reached XP level 14. HP: 88/88 MP: 19/19
 26474 | Lair:4   | You are sucked into a shaft and drop 1 floor!
 26474 | Lair:5   | Entered Level 5 of the Lair of Beasts
 26474 | Lair:5   | Found a staircase to the Slime Pits.
 26768 | Lair:5   | Found a frozen archway.
 26786 | IceCv    | Entered an ice cave
 26789 | IceCv    | Found a transporter.
 27059 | IceCv    | Found a transporter.
 27550 | Lair:5   | Identified the +1 hat "Vocrodgh" {rElec Int-5 Dex+3}
                  | (Okawaru gifted it to you on level 5 of the Lair of Beasts)
 27550 | Lair:5   | Received a gift from Okawaru
 27847 | Lair:5   | Reached skill level 14 in Axes
 28765 | Lair:5   | Noticed a dire elephant
 28803 | Lair:5   | Killed a dire elephant
 30776 | Lair:4   | Reached skill level 10 in Evocations
 31605 | D:12     | Identified the +0 chain mail "Cirab" {rPois Will- Int-3
                  | SInv} (Okawaru gifted it to you on level 12 of the Dungeon)
 31605 | D:12     | Received a gift from Okawaru
 31714 | D:12     | Reached XP level 15. HP: 64/95 MP: 21/21
 31965 | D:12     | Found a glowing silver altar of Zin.
 31991 | D:12     | Identified the +9 lajatang of Offence {protect, Int+3}
 32011 | D:12     | Found a runed translucent door.
 33500 | D:13     | Reached skill level 15 in Axes
 33743 | D:13     | Found a runed translucent door.
 33790 | D:13     | Identified the +0 hat "Hose" {Regen+ Str+3 Int-3 Stlth+}
 33814 | D:13     | Slain by a wolf spider

Illustrated notes

Levels and vault maps discovered:
D:1:      dpeg_arrival_castle, layout_loops_ring, chequers_arboretum,
          st_stairs_8
D:2:      layout_rooms
D:3:      layout_basic
D:4:      layout_loops_corners, roderic_roman_lattice
D:5:      minmay_bubble_buster, layout_cave_pools,
          gammafunk_temple_overflow_elements, uniq_edmund
D:6:      layout_loops_corners, minmay_temple_entry_junction, serial_shops,
          nicolae_square_shop, serial_aquarium, aquarium_bridge_straight
          [aquarium_subvault_bridge, aquarium_subvault_window,
          aquarium_subvault_bridge, aquarium_subvault_wall], aquarium_window_2,
          aquarium_window_1, aquarium_window_corridor_1, aquarium_view_2e,
          aquarium_view_2c, aquarium_balcony_double_2
D:7:      layout_loops_ring, lemuel_coloured_pillars_altar,
          minmay_misc_feat_tower, uniq_joseph, uniq_crazy_yiuf_cottage
D:8:      layout_cave_pools, nicolae_wu_jian_glorious_leap, minmay_three_doors,
          uniq_grum, uniq_maggie
D:9:      layout_basic, lair_entry_dummy
D:10:     layout_roguey [special_room_orc], mainiacjoe_overflow_tiny_flanked,
          okawaru_gym_becter, orc_0_dummy
D:11:     lemuel_slime, layout_gridville, dk_noncrumbling_4, uniq_lodul
D:12:     dreamdust_labyrinth, layout_rooms, zin_statuary
D:13:     gammafunk_indiana_jones, layout_basic, dk_noncrumbling_3,
          minmay_mirror_moons_of_madness
Temple:   regret_index_temple_sphere_string
Lair:1:   layout_regular_city, uniq_amaemon, uniq_sonja
Lair:2:   layout_regular_city, hellmonk_spider_entry_not_the_bees
Lair:3:   layout_big_grid, skrybe_swamp_entry_bodies
Lair:4:   regret_index_harrowing_hell_hive, layout_long_grid,
          serial_bayou_crossing
Lair:5:   grunt_lair_end_beastmaster, layout_small_grid, slime_entry_1,
          portal_ice_cave_demonic_guard, serial_bayou_shore_a
Orc:1:    layout_caves, nicolae_orc_crystal_geode
Orc:2:    st_orc_rangers, layout_diamond_mine, serial_shops,
          nicolae_square_shop, uniq_nessos

Skill      XL: |  1  2  3  4  5  6  7  8  9 10 11 12 13 14 15 |
---------------+----------------------------------------------+-----
Axes           | 2 3 4 5 6 8 10 11 12 13 14 15 | 15.0
Fighting       | 4 5 6 7 8 9 10 11 | 11.6
Armour         | 4 5 6 7 8 9 10 11 12 | 12.1
Evocations     | 1 2 4 5 6 7 8 9 10 | 10.3
Shields        | 4 5 6 7 8 9 |  9.0
Invocations    | 2 5 6 8 9 |  9.0

Action                   |  1- 3 |  4- 6 |  7- 9 | 10-12 | 13-15 || total
-------------------------+-------+-------+-------+-------+-------++-------
Melee: War axe           |    74 |   125 |   185 |       |       ||   384
       Kick              |       |       |    81 |    45 |       ||   126
       Broad axe         |       |       |    81 |   611 |   786 ||  1478
  Use: Scroll            |       |    11 |     5 |    10 |     6 ||    32
       Potion            |       |       |     3 |     4 |     4 ||    11
 Stab: Distracted        |       |       |     1 |       |       ||     1
Armor: Scale mail        |    14 |       |       |       |    16 ||    30
       Plate armour      |    26 |    94 |   229 |   583 |   769 ||  1701
Dodge: Dodged            |    25 |    24 |    77 |   213 |   404 ||   743
Block: Buckler           |    10 |    39 |    72 |   264 |   344 ||   729

Table legend: (Time is in decaauts)
 A = Elapsed time spent in this place.
 B = Non-inter-level travel time spent in this place.
 C = Inter-level travel time spent in this place.
 D = Time resting spent in this place.
 E = Time spent auto-exploring this place.
 F = Levels seen in this place.
 G = Mean time per level.
                   A        B        C        D        E       F      G
               +--------+--------+--------+--------+--------+-----+--------+
         Total |  34041 |  33718 |    323 |  14137 |  12490 |  22 | 1547.3 |
       Dungeon |  17732 |  17453 |    279 |   6301 |   7517 |  13 | 1364.0 |
        Temple |    145 |    138 |      7 |      0 |    122 |   1 |  145.0 |
          Lair |   9970 |   9933 |     37 |   4251 |   3753 |   5 | 1994.0 |
  Orcish Mines |   5591 |   5591 |      0 |   3116 |   1098 |   2 | 2795.5 |
      Ice Cave |    601 |    601 |      0 |    469 |      0 |   1 |  601.0 |
               +--------+--------+--------+--------+--------+-----+--------+

Top non-repeatable levels by time:
   Orc:2: 4041 daAuts
    D:10: 3291 daAuts
  Lair:5: 2795 daAuts
  Lair:2: 2230 daAuts
  Lair:1: 1824 daAuts
     D:4: 1693 daAuts
     D:6: 1564 daAuts
  Lair:3: 1561 daAuts
  Lair:4: 1559 daAuts
   Orc:1: 1550 daAuts
    D:11: 1545 daAuts
     D:9: 1480 daAuts
     D:8: 1429 daAuts
    D:12: 1157 daAuts
     D:5: 1137 daAuts
